 Dungeon Sprint DCSS version 0.28-a0-312-gbced6e68ee (webtiles) character file.

Game seed: 8997349779002023131

507735 Ankalagon the Plane Walker (level 19, 216/216 HPs)
             Began as a Deep Dwarf Fighter on Aug 30, 2021.
             Was the Champion of Makhleb.
             Escaped with the Orb!
             The game lasted 00:31:51 (2275 turns).

Ankalagon the Plane Walker (Deep Dwarf Fighter)     Turns: 2275, Time: 00:31:52

Health: 216/216    AC: 45    Str: 41    XL:     19   Next: 71%
Magic:  38/38      EV: 24    Int: 12    God:    Makhleb [******]
Gold:   0          SH: 32    Dex: 20    Spells: 37/52 levels left

rFire   + . .      SeeInvis .   P - +7 Singing Sword {vorpal, sonic wave}
rCold   + . .      Faith    .   O - +18 shield of the Gong {rElec rN+ Will+ EV-5}
rNeg    + + +      Spirit   .   p - +5 crystal plate armour
rPois   +          Reflect  .   q - -2 hat of the Alchemist {rElec rPois rF+ rC+ rN+ Will+ rMut rCorr}
rElec   +          Harm     .   H - +2 cloak {Will+}
rCorr   +          Rampage  .   c - +2 pair of gloves {archery}
rMut    +          NoTele   +   G - +1 pair of boots of Analysis {rPois Will+ Str+8 Int-2}
Will    +++++                   Q - amulet of Atzosk {RegenMP rElec Int+4}
Stlth   ..........              X - ring "Acudd" {rPois Str+4 Dex+6 Slay+5 Stlth+}
HPRegen 0.00/turn               n - ring of the Median {EV+4 Str+4}
MPRegen 0.51/turn

@: studying 2 skills
A: damage resistance, heal wounds, negative energy resistance 1, sense
surroundings 3, no regeneration
0: Orb of Zot
a: Heal Wounds, Renounce Religion, Minor Destruction, Lesser Servant of Makhleb,
Major Destruction, Greater Servant of Makhleb


You escaped.
You worshipped Makhleb.
Makhleb was exalted by your worship.
You visited 1 branch

Inventory:

Hand Weapons
 J - a +3 eudemon blade of holy wrath
 P - the +7 Singing Sword (weapon) {vorpal, sonic wave}
   (You found it in the Dungeon)

   It inflicts extra damage upon your enemies.
   It radiates damaging sonic waves as it strikes, especially in combat
   involving dangerous or numerous foes.
 R - the +9 sword of Zonguldrok {reap}
   (You found it in the Dungeon)

   Any living foe damaged by it may be reanimated upon death as a zombie
   friendly to the wielder, with an increasing chance as more damage is dealt.
Missiles
 a - 4 throwing nets
Armour
 c - a +2 pair of gloves of archery (worn)
 p - a +5 crystal plate armour (worn)
 q - the -2 hat of the Alchemist (worn) {rElec rPois rF+ rC+ rN+ Will+ rMut rCorr}
   (You found it in the Dungeon)

   rF:        It protects you from fire.
   rC:        It protects you from cold.
   rElec:     It insulates you from electricity.
   rPois:     It protects you from poison.
   rN:        It protects you from negative energy.
   rCorr:     It protects you from acid and corrosion.
   rMut:      It protects you from mutation.
   Will:      It increases your willpower.
 s - a +3 tower shield
 G - the +1 pair of boots of Analysis (worn) {rPois Will+ Str+8 Int-2}
   (You acquired it in the Dungeon)

   Str:       It affects your strength (+8).
   Int:       It affects your intelligence (-2).
   rPois:     It protects you from poison.
   Will:      It increases your willpower.
 H - a +2 cloak of willpower (worn)
 O - the +18 shield of the Gong (worn) {rElec rN+ Will+ EV-5}
   (You found it in the Dungeon)

   It is deafeningly noisy when blocking attacks.
   EV:        It affects your evasion (-5).
   rElec:     It insulates you from electricity.
   rN:        It protects you from negative energy.
   Will:      It increases your willpower.
Jewellery
 b - the amulet "Homao" {Spirit rElec Str+2}
   (You found it in the Dungeon)

   [amulet of guardian spirit]

   It causes incoming damage to be divided between your reserves of health and
   magic.
   Str:       It affects your strength (+2).
   rElec:     It insulates you from electricity.
 f - the ring "Moixzeizos" {rN+ rCorr MP+9 Int+8 Dex-2}
   (You found it in the Dungeon)

   [ring of magical power]

   Int:       It affects your intelligence (+8).
   Dex:       It affects your dexterity (-2).
   rN:        It protects you from negative energy.
   MP:        It affects your magic capacity (+9).
   rCorr:     It protects you from acid and corrosion.
 n - the ring of the Median (right hand) {EV+4 Str+4}
   (You found it in the Dungeon)

   [ring of evasion]

   EV:        It affects your evasion (+4).
   Str:       It affects your strength (+4).
 o - the ring of Itzich {Contam rPois rF+ Will+}
   (You found it in the Dungeon)

   [ring of willpower]

   rF:        It protects you from fire.
   rPois:     It protects you from poison.
   Contam:    It causes magical contamination when unequipped.
   Will:      It increases your willpower.
 x - the ring "Uhaevo Haewn" {Int+6 Slay+2}
   (You found it in the Dungeon)

   [ring of intelligence]

   Int:       It affects your intelligence (+6).
   Slay:      It affects your accuracy & damage with ranged weapons and melee
   (+2).
 I - the ring of Durgharuh {Fly Str-4 Dex+6 Slay+6}
   (You found it in the Dungeon)

   [ring of flight]

   Str:       It affects your strength (-4).
   Dex:       It affects your dexterity (+6).
   Slay:      It affects your accuracy & damage with ranged weapons and melee
   (+6).
   Fly:       It grants you flight.
 L - the ring "Rying" {rN+ Slay+4}
   (You found it in the Dungeon)

   [ring of slaying]

   Slay:      It affects your accuracy & damage with ranged weapons and melee
   (+4).
   rN:        It protects you from negative energy.
 M - the amulet "Zotuzied" {rF++ Regen+ Dex+6 Slay-2}
   (You found it in the Dungeon)

   [amulet of regeneration]

   Dex:       It affects your dexterity (+6).
   Slay:      It affects your accuracy & damage with ranged weapons and melee
   (-2).
   rF:        It greatly protects you from fire.
   Regen:     It increases your rate of health regeneration.
 Q - the amulet of Atzosk (around neck) {RegenMP rElec Int+4}
   (You took it off a vampire mage in the Dungeon)

   [amulet of magic regeneration]

   It increases your rate of magic regeneration.
   Int:       It affects your intelligence (+4).
   rElec:     It insulates you from electricity.
 S - the ring "Guschiut" {Drain rElec rPois rC+++ Will+}
   (You found it in the Dungeon)

   [ring of willpower]

   rC:        It renders you almost immune to cold.
   rElec:     It insulates you from electricity.
   rPois:     It protects you from poison.
   Drain:     It drains your maximum health when unequipped.
   Will:      It increases your willpower.
 V - the ring "Ixkecaczi" {rF++ rN+ Stlth-}
   (You found it in the Dungeon)

   [ring of positive energy]

   rF:        It greatly protects you from fire.
   rN:        It protects you from negative energy.
   Stlth:     It makes you less stealthy.
 X - the ring "Acudd" (left hand) {rPois Str+4 Dex+6 Slay+5 Stlth+}
   (You found it in the Dungeon)

   [ring of dexterity]

   Str:       It affects your strength (+4).
   Dex:       It affects your dexterity (+6).
   Slay:      It affects your accuracy & damage with ranged weapons and melee
   (+5).
   rPois:     It protects you from poison.
   Stlth:     It makes you more stealthy.
 Y - the ring of the Jester {rPois rC+ MP+9 Dex+2}
   (You found it in the Dungeon)

   [ring of poison resistance]

   Dex:       It affects your dexterity (+2).
   rC:        It protects you from cold.
   rPois:     It protects you from poison.
   MP:        It affects your magic capacity (+9).
Wands
 D - a wand of mindburst (7)
 E - a wand of iceblast (5)
 F - a wand of acid (6)
Scrolls
 j - 4 scrolls of blinking
 y - 7 scrolls of fog
 z - 2 scrolls of holy word
 A - 5 scrolls of identify
 B - 2 scrolls of fear
 C - 4 scrolls of amnesia
 Z - 5 scrolls of brand weapon
Potions
 d - 5 potions of might
 e - 10 potions of curing
 g - 7 potions of haste
 h - 7 potions of magic
 i - 3 potions of berserk rage
 u - 2 potions of brilliance
 v - a potion of invisibility
 w - 4 potions of resistance
Miscellaneous
 k - a condenser vane
 l - a box of beasts
 m - a piece from Xom's chessboard (15/15)
 r - a box of beasts
 t - a phantom mirror
 K - a phantom mirror
 N - a lightning rod (4/4) (quivered)
 T - a tin of tremorstones (2/2)
 U - a tin of tremorstones (2/2)
 W - a phial of floods


   Skills:
 + Level 23.8 Fighting
 + Level 25.0 Long Blades
 O Level 27 Armour
 O Level 27 Dodging
 - Level 15.0 Shields
 + Level 17.3 Spellcasting
 O Level 27 Translocations
 O Level 27 Invocations
 O Level 27 Evocations


You had 37 spell levels left.
You knew the following spells:

 Your Spells              Type           Power      Damage    Failure   Level
a - Disjunction           Tloc           33%        N/A       1%          8
g - Manifold Assault      Tloc           66%        N/A       0%          5
q - Blink                 Tloc           N/A        N/A       0%          2

Your spell library contained the following spells:

 Spells                   Type           Power      Damage    Failure   Level
 Apportation              Tloc           100%       N/A       0%          1
 Gell's Gravitas          Tloc           33%        N/A       0%          3
 Lesser Beckoning         Tloc           66%        N/A       0%          3
 Teleport Other           Tloc           66%        N/A       0%          3
 Passage of Golubria      Tloc           N/A        N/A       0%          4
 Portal Projectile        Hex/Tloc       84%        N/A       1%          3
 Iskenderun's Mystic Bla  Conj/Tloc      42%        2d10      1%          4
 Dispersal                Tloc           33%        N/A       1%          6
 Animate Skeleton         Necr           20%        N/A       19%         1
 Corona                   Hex            11%        N/A       19%         1
 Foxfire                  Conj/Fire      40%        2x1d6     19%         1
 Freeze                   Ice            40%        1d6       19%         1
 Magic Dart               Conj           40%        1d5       19%         1
 Pain                     Necr           40%        1d6       19%         1
 Shock                    Conj/Air       40%        1d5       19%         1
 Sting                    Tmut/Pois      40%        1d5       19%         1
 Call Imp                 Summ           10%        N/A       28%         2
 Corpse Rot               Necr/Air       N/A        N/A       28%         2
 Ensorcelled Hibernation  Hex/Ice        20%        N/A       28%         2
 Passwall                 Tmut/Erth      8%         N/A       28%         2
 Poisonous Vapours        Pois/Air       20%        N/A       28%         2
 Searing Ray              Conj           20%        3d3       28%         2
 Static Discharge         Conj/Air       10%        N/A       28%         2
 Sublimation of Blood     Necr           5%         N/A       28%         2
 Wereblood                Tmut           10%        N/A       28%         2
 Call Canine Familiar     Summ           10%        N/A       50%         3
 Confusing Touch          Hex            10%        N/A       50%         3
 Conjure Flame            Conj/Fire      10%        6-21      50%         3
 Dazzling Flash           Conj/Hex       20%        N/A       50%         3
 Frozen Ramparts          Ice            20%        1d4       50%         3
 Ignite Poison            Fire/Tmut/Pois 10%        N/A       50%         3
 Inner Flame              Hex/Fire       10%        N/A       50%         3
 Mephitic Cloud           Conj/Pois/Air  10%        N/A       50%         3
 Ozocubu's Armour         Ice            10%        N/A       50%         3
 Spider Form              Tmut/Pois      5%         N/A       50%         3
 Stone Arrow              Conj/Erth      20%        3d8       50%         3
 Summon Guardian Golem    Hex/Summ       10%        N/A       50%         3
 Swiftness                Air            10%        N/A       50%         3
 Tukima's Dance           Hex            10%        N/A       50%         3
 Vampiric Draining        Necr           5%         2d6       50%         3
 Malign Gateway           Summ/Tloc      21%        N/A       54%         7
 Animate Armour           Summ/Erth      20%        N/A       88%         4
 Animate Dead             Necr           5%         N/A       88%         4
 Cause Fear               Hex            5%         N/A       88%         4
 Dispel Undead            Necr           10%        3d9       88%         4
 Fulminant Prism          Conj/Hex       5%         3d7       88%         4
 Hailstorm                Conj/Ice       10%        3d5       88%         4
 Ice Form                 Ice/Tmut       10%        N/A       88%         4
 Leda's Liquefaction      Hex/Erth       5%         N/A       88%         4
 Olgreb's Toxic Radiance  Pois           10%        N/A       88%         4
 Petrify                  Tmut/Erth      10%        N/A       88%         4
 Summon Ice Beast         Ice/Summ       10%        N/A       88%         4
 Summon Lightning Spire   Summ/Air       10%        N/A       88%         4
 Agony                    Necr           10%        N/A       99%         5
 Alistair's Intoxication  Tmut/Pois      6%         N/A       99%         5
 Blade Hands              Tmut           5%         N/A       99%         5
 Bolt of Magma            Conj/Fire/Erth 5%         4d5       99%         5
 Borgnjor's Vile Clutch   Necr/Erth      5%         N/A       99%         5
 Excruciating Wounds      Necr           5%         N/A       99%         5
 Fireball                 Conj/Fire      5%         3d5       99%         5
 Freezing Cloud           Conj/Ice/Air   5%         6-21      99%         5
 Iskenderun's Battlesphe  Conj           10%        2d6       99%         5
 Lightning Bolt           Conj/Air       5%         1d17      99%         5
 Metabolic Englaciation   Hex/Ice        5%         N/A       99%         5
 Silence                  Hex/Air        5%         N/A       99%         5
 Summon Cactus Giant      Summ           5%         N/A       99%         5
 Summon Mana Viper        Hex/Summ       10%        N/A       99%         5
 Yara's Violent Unravell  Hex/Tmut       5%         3d4       99%         5
 Conjure Ball Lightning   Conj/Air       5%         3x3d6     100%        6
 Death Channel            Necr           5%         N/A       100%        6
 Eringya's Noxious Bog    Tmut/Pois      5%         N/A       100%        6
 Invisibility             Hex            5%         N/A       100%        6
 Iron Shot                Conj/Erth      5%         9d2       100%        6
 Simulacrum               Ice/Necr       5%         N/A       100%        6
 Starburst                Conj/Fire      5%         6d4       100%        6
 Statue Form              Tmut/Erth      6%         N/A       100%        6
 Haunt                    Necr/Summ      5%         N/A       100%        7
 Monstrous Menagerie      Summ           5%         N/A       100%        7
 Orb of Destruction       Conj           5%         9d2       100%        7
 Spellforged Servitor     Conj/Summ      5%         N/A       100%        7
 Storm Form               Tmut/Air       5%         N/A       100%        7
 Summon Hydra             Summ           5%         N/A       100%        7
 Borgnjor's Revivificati  Necr           5%         N/A       100%        8
 Discord                  Hex            5%         N/A       100%        8
 Ignition                 Fire           5%         3d4       100%        8
 Infestation              Necr           5%         N/A       100%        8
 Lehudib's Crystal Spear  Conj/Erth      5%         10d3      100%        8
 Maxwell's Capacitive Co  Air            5%         ∞         100%        8
 Necromutation            Tmut/Necr      5%         N/A       100%        8
 Summon Horrible Things   Summ           5%         N/A       100%        8
 Chain Lightning          Conj/Air       5%         3d6       100%        9
 Death's Door             Necr           5%         N/A       100%        9
 Fire Storm               Conj/Fire      5%         8d1       100%        9
 Polar Vortex             Ice            5%         N/A       100%        9
 Shatter                  Erth           5%         3d8*      100%        9


Dungeon Overview and Level Annotations

Branches:
Dungeon (1/1)

Altars:
Ashenzari
Cheibriados
Dithmenos
Elyvilon
Fedhas
Gozag
Hepliaklqana
Kikubaaqudgha
Makhleb
Nemelex Xobeh
Okawaru
Qazlal
Ru
Sif Muna
Trog
Uskayaw
Vehumet
Wu Jian
Xom
Yredelemnul
Zin
The Shining One
Beogh
Jiyva
Lugonu


Innate Abilities, Weirdness & Mutations

You are resistant to damage.
You can heal yourself by infusing magical energy.
You resist negative energy. (rN+)
You passively map a large area around you.
You do not regenerate.


Message History

Found a +3 ring mail of willpower.
You see here a ring of flight.
You pick up Great Wizards, Vol.
II and begin reading...
You add the spell Eringya's Noxious Bog to your library.
g - 7 potions of haste (gained 4)
You see here a phial of floods.
You see here a piece from Xom's chessboard (15/15).
You see here Ucinug's Handbook of Earthen Flight.
Found a +1 vorpal fustibalus.
Found a condenser vane.
Your pack is full.
Items here: = ? } †.
Okay, then.
Found a +2 dagger of venom and a scroll of brand weapon.
z - 2 scrolls of holy word (gained 1)
You see here a staff of death.
Found three items.
You pick up the Collected Works on Execration and begin reading...
You add the spells Confusing Touch and Yara's Violent Unravelling to your library.
Found three items.
You pick up a book of Necromancy and begin reading...
You add the spell Animate Skeleton to your library.
You see here the Almanac of Creation and Hexes.
You see here a staff of cold.
You see here a +1 helmet of see invisible.
Z - 5 scrolls of brand weapon (gained 1)
You see here a +1 helmet of see invisible.
There is a transporter here.
An exit appears before you!
You enter the transporter and appear at another place.
Found the Orb of Zot.
You see here the Orb of Zot.
You pick up the Orb of Zot!
The Orb lets out a hideous shriek!
The lords of Pandemonium are not amused.
Beware!
Now all you have to do is get back out of the dungeon!
Found a staircase leading out of the dungeon.
There is a staircase leading out of the dungeon here.
There is a staircase leading out of the dungeon here.
You can't go down here!
You have escaped!

............▓..▓.......▓..▓...8©8
............▓.▓▓▓.....▓▓▓(▓..=.="
....[.....).▓..▓.......▓..▓...=})
...........)▓.............▓......
............▓......©..)...▓......
..........).▓▓▓▓▓▓▓▓▓▓▓▓▓▓▓......
......).....▓8888888888888▓......
▓.......▓)).▓8...........8▓..▓...
.[.......=).▓8..@.....©..8▓.▓....
.........)..▓8...........8▓....©.
....©.......▓8888888888888▓▓▓▓▓▓▓
▓▓▓▓▓▓▓▓▓▓▓▓▓▓▓▓▓▓▓▓▓▓▓▓▓▓▓▓▓▓▓▓▓
.....8©8........▓........8©8.....
)=}[[?).})}..||.▓.|.|:.)..|)}[)))
).|):.)|.):)=:).▓.)))}.[|.)}}}}:)
))).):[}=:)[).:.▓.})).[}:.}}.)[}:
...[[....)......▓........)))}....


There were no monsters in sight!

Vanquished Creatures
  2 ancient liches (D)
  2 caustic shrikes (shapeshifter) (D)
  10 pearl dragons (D)
  3 pandemonium lords (D)
  A lich (D)
  A quicksilver dragon (D)
  2 acid blobs (shapeshifter) (D)
  An Executioner (D)
  An acid blob (D)
  5 shadow dragons (D)
  3 tentacled starspawn (D)
  3 shadow dragons (shapeshifter) (D)
  6 daevas (D)
  A draconian monk (D)
  A nagaraja (D)
  2 azure jellies (D)
  9 rockslimes (D)
  A fenstrider witch (shapeshifter) (D)
  5 iron dragons (D)
  2 rockslimes (shapeshifter) (D)
  An orc warlord (D)
  13 angels (D)
  5 draconian knights (D)
  A draconian annihilator (D)
  A ghoul (D)
  A quicksilver ooze (D)
  3 draconian stormcallers (D)
  A stone giant (D)
  13 ophanim (D)
  3 vampire knights (D)
  5 apis (D)
  6 green draconians (D)
  8 black draconians (D)
  6 yellow draconians (D)
  6 red draconians (D)
  8 purple draconians (D)
  12 white draconians (D)
  3 merfolk javelineers (D)
  4 crystal guardians (D)
  An eidolon (D)
  5 great orbs of eyes (D)
  3 fire dragons (D)
  4 naga warriors (D)
  2 ice dragons (D)
  2 vault guards (D)
  7 hydras (D)
  An anaconda (shapeshifter) (D)
  3 anacondas (D)
  A two-headed ogre (shapeshifter) (D)
  An ironbound frostheart (D)
  An alligator snapping turtle (shapeshifter) (D)
  An alligator (shapeshifter) (D)
  A merfolk avatar (D)
  A hell hog (D)
  A death yak (shapeshifter) (D)
  4 vampire magi (D)
  A merfolk aquamancer (D)
  2 thrashing horrors (D)
  12 iron golems (D)
  3 wretched stars (D)
  3 skeletal warriors (D)
  A sixfirhy (D)
  3 swamp dragons (D)
  A glowing orange brain (D)
  A goliath frog (shapeshifter) (D)
  4 death drakes (D)
  2 sea snakes (shapeshifter) (D)
  A sea snake (D)
  6 cherubim (D)
  An ironbound convoker (D)
  A harpy (D)
  A necromancer (D)
  A harpy (shapeshifter) (D)
  2 deep elf zephyrmancers (D)
  A shining eye (shapeshifter) (D)
  7 shining eyes (D)
  A wolf spider (shapeshifter) (D)
  3 mana vipers (shapeshifter) (D)
  3 cyclopes (D)
  2 worldbinders (D)
  2 moths of wrath (shapeshifter) (D)
  A cyclops (shapeshifter) (D)
  2 elephants (shapeshifter) (D)
  2 fauns (shapeshifter) (D)
  A black mamba (shapeshifter) (D)
  6 guardian serpents (D)
  12 black mambas (D)
  6 naga magi (D)
  2 cane toads (shapeshifter) (D)
  4 eyes of devastation (D)
  A rime drake (shapeshifter) (D)
  2 smoke demons (D)
  5 gargoyles (D)
  2 rime drakes (D)
  4 cane toads (D)
  2 unseen horrors (shapeshifter) (D)
  An efreet (D)
  A komodo dragon (D)
  A yaktaur (D)
  An ancient zyme (D)
  A komodo dragon (shapeshifter) (D)
  A red devil (D)
  A demonic crawler (D)
  6 merfolk (D)
  A jumping spider (shapeshifter) (D)
  A troll (shapeshifter) (D)
  A meliai (shapeshifter) (D)
  2 wind drakes (shapeshifter) (D)
  A polar bear (shapeshifter) (D)
  20 slime creatures (D)
  A tyrant leech (shapeshifter) (D)
  2 wind drakes (D)
  2 dream sheep (shapeshifter) (D)
  A raiju (D)
  3 blink frogs (D)
  A snapping turtle (shapeshifter) (D)
  2 tarantellas (shapeshifter) (D)
  A wyvern (D)
  2 ynoxinuls (D)
  5 shadows (D)
  A water elemental (D)
  14 starcursed masses (D)
  2 yaks (D)
  A vampire (D)
  A human (shapeshifter) (D)
  A fire bat (D)
  A basilisk (shapeshifter) (D)
  4 golden eyes (D)
  2 steam dragons (D)
  A neqoxec (D)
  4 nagas (D)
  5 large abominations (D)
  A naga (shapeshifter) (D)
  9 water moccasins (D)
  2 acid dragons (D)
  A floating eye (D)
  2 swamp drakes (D)
  3 floating eyes (shapeshifter) (D)
  A black bear (shapeshifter) (D)
  2 wolves (D)
  A centaur (D)
  A tengu (shapeshifter) (D)
  A necrophage (D)
  2 phantoms (D)
  9 earth elementals (D)
  7 small abominations (D)
  4 bullfrogs (D)
  3 wights (D)
  3 crimson imps (D)
  A jelly (shapeshifter) (D)
  3 quasits (D)
  11 jellies (D)
  2 iron imps (D)
  An adder (D)
  A river rat (shapeshifter) (D)
  A shadow imp (D)
  4 white imps (D)
  4 ufetubi (D)
  An adder zombie (D)
  2 adder skeletons (D)
  5 ball pythons (D)
  3 bat skeletons (D)
  A bat zombie (D)
  6 endoplasms (D)
  A ball python skeleton (D)
  A giant cockroach zombie (D)
  A jackal zombie (D)
  A kobold (shapeshifter) (D)
  A quokka simulacrum (D)
  A quokka skeleton (D)
  A starspawn tentacle (D)
518 creatures vanquished.

Vanquished Creatures (others)
  A necromancer (D)
  A large abomination (D)
  A jackal zombie (D)
  7 starspawn tentacles (D)
10 creatures vanquished.

Grand Total: 528 creatures vanquished

Notes
Turn   | Place    | Note
-------+----------+-------------------------------------------
     0 | D        | Ankalagon the Deep Dwarf Fighter began the quest for the
                  | Orb.
     0 | D        | Reached XP level 1. HP: 20/20 MP: 1/1
     3 | D        | Found a blossoming altar of Fedhas.
     3 | D        | Found the +6 Majin-Bo {vamp, MP+6 Int+6}
     3 | D        | Found the +9 heavy crossbow "Sniper" {vorpal, Acc+∞ SInv}
     3 | D        | Found the +10 dark maul {vorpal}
     3 | D        | Found the +15 Maxwell's patent armour {-Cast -Tele rElec
                  | Will+ rCorr}
     3 | D        | Found the +18 shield of the Gong {rElec rN+ Will+ EV-5}
     3 | D        | Found the +14 obsidian axe {vorpal, Mesm Drain Fly SInv}
     3 | D        | Found the +7 great mace "Firestarter" {inner flame, rF++}
     3 | D        | Found the +6 shillelagh "Devastator" {shatter}
     3 | D        | Found the +11 plutonium sword {Contam Stlth-}
     3 | D        | Found the +8 lance "Wyrmbane" {slay drac, rPois rF+ rC+
                  | AC+3}
     3 | D        | Found the +9 sword of Zonguldrok {reap}
     3 | D        | Found the +13 scythe of Curses {drain, Drain}
     3 | D        | Found the +5 sword of Power {vorpal}
     3 | D        | Found the +7 mace of Variability {chain chaos}
     3 | D        | Found the +7 Singing Sword {vorpal, sonic wave}
     3 | D        | Found the +8 storm bow {elec, penet}
     7 | D        | Found a shimmering blue altar of Sif Muna.
     7 | D        | Found a sacrificial altar of Ru.
     7 | D        | Found a bloodstained altar of Trog.
     7 | D        | Found a stormy altar of Qazlal.
     7 | D        | Found an iron altar of Okawaru.
     7 | D        | Found a sparkling altar of Nemelex Xobeh.
     9 | D        | Found a transporter.
     9 | D        | Found an ancient bone altar of Kikubaaqudgha.
     9 | D        | Found a viscous altar of Jiyva.
     9 | D        | Found a corrupted altar of Lugonu.
     9 | D        | Found a hazy altar of Hepliaklqana.
     9 | D        | Found a burning altar of Makhleb.
     9 | D        | Found an opulent altar of Gozag.
    30 | D        | Became a worshipper of Makhleb the Destroyer
    58 | D        | Reached XP level 2. HP: 30/30 MP: 2/2
    60 | D        | Entered arena 2.
    60 | D        | Noticed a deep elf zephyrmancer
    60 | D        | Noticed a deep elf zephyrmancer
    60 | D        | Found a transporter.
    64 | D        | Killed a deep elf zephyrmancer
    65 | D        | Reached XP level 3. HP: 37/40 MP: 3/3
    65 | D        | Reached XP level 4. HP: 44/48 MP: 4/4
    65 | D        | Reached XP level 5. HP: 51/55 MP: 5/5
    65 | D        | Reached XP level 6. HP: 57/62 MP: 6/6
    66 | D        | Killed a deep elf zephyrmancer
    67 | D        | Reached XP level 7. HP: 65/70 MP: 7/7
    72 | D        | Got the ring "Uhaevo Haewn" {Int+6 Slay+2}
    81 | D        | Entered arena 3.
    81 | D        | Found a transporter.
    83 | D        | Reached * piety under Makhleb
    95 | D        | Entered arena 4.
    95 | D        | Noticed an eidolon
    95 | D        | Found a transporter.
    96 | D        | Reached ** piety under Makhleb
    98 | D        | Reached XP level 8. HP: 76/80 MP: 8/8
   100 | D        | Killed an eidolon
   101 | D        | Reached skill level 10 in Evocations
   118 | D        | Entered arena 5.
   118 | D        | Found a transporter.
   119 | D        | Reached *** piety under Makhleb
   123 | D        | Reached **** piety under Makhleb
   134 | D        | Entered arena 6.
   134 | D        | Found a transporter.
   138 | D        | Reached skill level 1 in Invocations
   138 | D        | Gained mutation: You passively map the area around you.
                  | [Deep Dwarf growth]
   138 | D        | Reached XP level 9. HP: 88/88 MP: 9/9
   138 | D        | Reached ***** piety under Makhleb
   148 | D        | Entered arena 7.
   148 | D        | Noticed Mokhler the pandemonium lord
   155 | D        | Reached skill level 10 in Shields
   156 | D        | Reached skill level 10 in Armour
   159 | D        | Killed Mokhler the pandemonium lord
   160 | D        | Reached skill level 10 in Long Blades
   160 | D        | Reached skill level 10 in Dodging
   160 | D        | Reached XP level 10. HP: 77/100 MP: 11/15
   160 | D        | Found a transporter.
   276 | D        | Entered arena 8.
   276 | D        | Noticed Beeseem the pandemonium lord
   290 | D        | Reached ****** piety under Makhleb
   299 | D        | Noticed a sun demon
   306 | D        | Killed Beeseem the pandemonium lord
   307 | D        | Reached skill level 10 in Fighting
   307 | D        | Reached XP level 11. HP: 68/110 MP: 14/17
   308 | D        | Found a transporter.
   314 | D        | Got the ring of Charity {rPois Dex+3}
   316 | D        | Got Japp's Almanac of Stolen Souls and Companions
   322 | D        | Entered arena 9.
   322 | D        | Noticed an ironbound frostheart
   322 | D        | Noticed a harpy
   322 | D        | Noticed a vault guard
   322 | D        | Noticed an ironbound convoker
   322 | D        | Noticed an orc warlord
   322 | D        | Noticed a vault guard
   331 | D        | Reached skill level 10 in Invocations
   331 | D        | Killed a harpy
   331 | D        | Killed an ironbound convoker
   332 | D        | Killed a vault guard
   335 | D        | Killed an ironbound frostheart
   335 | D        | Killed an orc warlord
   338 | D        | Killed a vault guard
   339 | D        | Reached skill level 15 in Evocations
   341 | D        | Found a transporter.
   347 | D        | Got the Catalogue of the Traveller
   349 | D        | Got the ring of the Jester {rPois rC+ MP+9 Dex+2}
   360 | D        | Entered arena 10.
   362 | D        | Found a transporter.
   383 | D        | Got the Reference Book on the Dusty Blaze
   398 | D        | Entered arena 11.
   407 | D        | Found a transporter.
   411 | D        | Reached XP level 12. HP: 94/121 MP: 19/19
   446 | D        | Got the Catalogue of Torrid Summoning
   456 | D        | Entered arena 12.
   456 | D        | Noticed a merfolk javelineer
   456 | D        | Noticed a merfolk javelineer
   457 | D        | Noticed a merfolk javelineer
   457 | D        | Noticed a merfolk aquamancer
   457 | D        | Noticed a merfolk avatar
   463 | D        | Killed a merfolk aquamancer
   464 | D        | Killed a merfolk avatar
   466 | D        | Killed a merfolk javelineer
   466 | D        | Killed a merfolk javelineer
   467 | D        | Found a transporter.
   469 | D        | Killed a merfolk javelineer
   492 | D        | Got Xonun's Grimoire of the Entourage
   496 | D        | Got the Almanac of Glacial Lightness
   505 | D        | Entered arena 13.
   509 | D        | Noticed a crystal guardian
   509 | D        | Noticed a crystal guardian
   512 | D        | Found a transporter.
   518 | D        | Killed a crystal guardian
   519 | D        | Killed a crystal guardian
   526 | D        | Reached XP level 13. HP: 130/130 MP: 22/22
   557 | D        | Got the ring of the Median {EV+4 Str+4}
   568 | D        | Entered arena 14.
   573 | D        | Noticed an azure jelly
   583 | D        | Reached skill level 15 in Shields
   584 | D        | Reached skill level 15 in Armour
   588 | D        | Killed an azure jelly
   591 | D        | Found a transporter.
   597 | D        | Got Jitzisim's Tome of the Harmful Blaze
   632 | D        | Entered arena 15.
   636 | D        | Noticed a rockslime
   643 | D        | Reached skill level 15 in Dodging
   645 | D        | Reached skill level 15 in Invocations
   648 | D        | Killed a rockslime
   649 | D        | Found a transporter.
   664 | D        | Got the ring "Beikeat" {rN+ Str+6}
   666 | D        | Got the Grimoire of Feathery Companions
   673 | D        | Entered arena 16.
   691 | D        | Found a transporter.
   713 | D        | Entered arena 17.
   737 | D        | Found a transporter.
   751 | D        | Got Can Cemu's Disquisition on Earthen Flight
   755 | D        | Got Rizafa's Grimoire of Stolen Souls and the Compass
   757 | D        | Got Sif Muna's Reference Book on Shifting Bewitchment
   763 | D        | Entered arena 18.
   777 | D        | Noticed a rockslime
   777 | D        | Noticed a rockslime
   779 | D        | Noticed a rockslime
   781 | D        | Reached skill level 15 in Long Blades
   782 | D        | Killed a rockslime
   786 | D        | Killed a rockslime
   787 | D        | Gained mutation: You resist negative energy. (rN+) [Deep
                  | Dwarf growth]
   787 | D        | Reached XP level 14. HP: 145/145 MP: 25/25
   793 | D        | Killed a rockslime
   795 | D        | Found a transporter.
   824 | D        | Entered arena 19.
   830 | D        | Noticed a stone giant
   841 | D        | Killed a stone giant
   862 | D        | Noticed an iron dragon
   874 | D        | Killed an iron dragon
   875 | D        | Reached skill level 15 in Fighting
   897 | D        | Found a transporter.
   926 | D        | Entered arena 20.
   935 | D        | Noticed a pearl dragon
   935 | D        | Noticed a daeva
   935 | D        | Noticed a daeva
   935 | D        | Noticed an ophan
   936 | D        | Noticed an ophan
   936 | D        | Found the +4 dagger "Morg" {pain, Will+ Int+5}
   940 | D        | Noticed an apis
   944 | D        | Killed a pearl dragon
   946 | D        | Killed a daeva
   946 | D        | Noticed a pearl dragon
   946 | D        | Noticed an angel
   947 | D        | Killed an ophan
   947 | D        | Killed a daeva
   950 | D        | Killed an apis
   951 | D        | Killed an ophan
   958 | D        | Killed a pearl dragon
   964 | D        | Killed an angel
  1072 | D        | Found a transporter.
  1118 | D        | Learned a level 2 spell: Blink
  1124 | D        | Learned a level 5 spell: Manifold Assault
  1124 | D        | Entered arena 21.
  1132 | D        | Noticed a rockslime
  1141 | D        | Noticed a quicksilver ooze
  1143 | D        | Killed a rockslime
  1143 | D        | Noticed a rockslime
  1144 | D        | Noticed an acid blob
  1144 | D        | Noticed a rockslime
  1144 | D        | Noticed an azure jelly
  1147 | D        | Killed a quicksilver ooze
  1148 | D        | Reached XP level 15. HP: 134/157 MP: 27/27
  1149 | D        | Killed an acid blob
  1152 | D        | Noticed a rockslime
  1155 | D        | Noticed a rockslime
  1155 | D        | Killed a rockslime
  1157 | D        | Killed a rockslime
  1160 | D        | Killed a rockslime
  1163 | D        | Killed an azure jelly
  1164 | D        | Reached skill level 15 in Translocations
  1165 | D        | Killed a rockslime
  1178 | D        | Found a transporter.
  1184 | D        | Got the Grimoire of Poison
  1201 | D        | Got the Grimoire of the Igneous Entourage
  1204 | D        | Got the ring "Xiunwithrut" {Fire rN+ Str+3 Dex+4}
  1218 | D        | Entered arena 22.
  1233 | D        | Identified the +6 morningstar of Destruction {pain, Dex+2}
  1233 | D        | Identified the amulet of Atzosk {RegenMP rElec Int+4}
  1235 | D        | Identified the +10 war axe "Pendulum" {pain, rF+ rC+ Int-2
                  | SInv}
  1237 | D        | Noticed a lich
  1238 | D        | Noticed an ancient lich
  1242 | D        | Identified the ring of Contention {Drain Fly Str+8 Int-5
                  | Dex+10}
  1247 | D        | Killed an ancient lich
  1247 | D        | Killed a lich
  1262 | D        | Acquired the +1 pair of boots of Analysis {rPois Will+
                  | Str+8 Int-2}
  1286 | D        | Found a transporter.
  1291 | D        | Got the ring "Moixzeizos" {rN+ rCorr MP+9 Int+8 Dex-2}
  1310 | D        | Got Orrom's Guide on Cloudy Snow
  1319 | D        | Got Nimn's Reference Book on Malediction
  1321 | D        | Got the Volume of the Spider
  1332 | D        | Entered arena 23.
  1346 | D        | Noticed a shadow dragon
  1346 | D        | Noticed a shadow dragon
  1347 | D        | Noticed an iron dragon
  1357 | D        | Noticed a shadow dragon
  1357 | D        | Noticed an iron dragon
  1361 | D        | Noticed a quicksilver dragon
  1362 | D        | Noticed a shadow dragon
  1362 | D        | Noticed an iron dragon
  1362 | D        | Noticed an iron dragon
  1365 | D        | Killed a shadow dragon
  1366 | D        | Reached XP level 16. HP: 165/165 MP: 28/28
  1366 | D        | Killed a shadow dragon
  1367 | D        | Noticed a shadow dragon
  1368 | D        | Killed a quicksilver dragon
  1368 | D        | Killed a shadow dragon
  1372 | D        | Killed a shadow dragon
  1374 | D        | Reached skill level 27 in Translocations
  1378 | D        | Killed a shadow dragon
  1386 | D        | Found the +5 scythe "Finisher" {speed, eviscerate}
  1389 | D        | Found a transporter.
  1402 | D        | Got Sophisticated Spellcraft
  1413 | D        | Got the Handbook of Creative Moulding
  1416 | D        | Got the ring of Toilugh {Fire rElec Int+5 Dex-4}
  1420 | D        | Got the amulet "Rokyleur" {Acrobat rElec rC- MP+9 Int+7}
  1433 | D        | Entered arena 24.
  1446 | D        | Identified the +0 pearl dragon scales of Knowledge {rElec
                  | rN+ Int+3}
  1456 | D        | Found a transporter.
  1477 | D        | Got the Reference Book on Darkness
  1487 | D        | Got the ring of Syndicalism {rPois rC- MP+9 Str+6}
  1493 | D        | Got the ring of Durgharuh {Fly Str-4 Dex+6 Slay+6}
  1500 | D        | Got the ring "Acudd" {rPois Str+4 Dex+6 Slay+5 Stlth+}
  1510 | D        | Got the ring of Lust {Ice rElec rPois Int-2 SInv}
  1516 | D        | Got the amulet "Homao" {Spirit rElec Str+2}
  1529 | D        | Got the ring "Rying" {rN+ Slay+4}
  1535 | D        | Entered arena 25.
  1553 | D        | Learned a level 8 spell: Disjunction
  1557 | D        | Noticed a pearl dragon
  1558 | D        | Noticed a pearl dragon
  1558 | D        | Noticed a pearl dragon
  1567 | D        | Reached skill level 1 in Spellcasting
  1570 | D        | Noticed a pearl dragon
  1576 | D        | Noticed a pearl dragon
  1577 | D        | Identified the +7 shortbow of Compound Interest {speed,
                  | Drain rElec rF+ Dex+7}
  1581 | D        | Killed a pearl dragon
  1581 | D        | Noticed a pearl dragon
  1582 | D        | Reached XP level 17. HP: 118/178 MP: 30/30
  1584 | D        | Killed a pearl dragon
  1584 | D        | Killed a pearl dragon
  1585 | D        | Reached skill level 5 in Spellcasting
  1587 | D        | Noticed a pearl dragon
  1589 | D        | Killed a pearl dragon
  1590 | D        | Noticed a pearl dragon
  1590 | D        | Identified the +1 ring mail "Isi Wedo" {rElec rCorr Stlth-}
  1592 | D        | Killed a pearl dragon
  1595 | D        | Killed a pearl dragon
  1595 | D        | Identified the +10 hand axe of Analysis {vorpal, rPois
                  | Dex+3 Stlth+}
  1597 | D        | Killed a pearl dragon
  1603 | D        | Killed a pearl dragon
  1647 | D        | Found a transporter.
  1667 | D        | Got the Tome of Spatial Summoning
  1670 | D        | Got Lee's Grimoire of the Mountains
  1788 | D        | Got the amulet "Zotuzied" {rF++ Regen+ Dex+6 Slay-2}
  1796 | D        | Entered arena 26.
  1808 | D        | Found the +3 pair of seven-league boots {Rampage+∞}
  1815 | D        | Reached skill level 10 in Spellcasting
  1819 | D        | Noticed Aloet the pandemonium lord
  1822 | D        | Gained mutation: You passively map a large area around you.
                  | [Deep Dwarf growth]
  1822 | D        | Reached XP level 18. HP: 194/194 MP: 32/32
  1839 | D        | Killed Aloet the pandemonium lord
  1842 | D        | Identified the amulet of Noon {Acrobat Will+}
  1857 | D        | Paralysed by accursed screaming for 1 turns
  1862 | D        | Noticed an ancient lich
  1871 | D        | Killed an ancient lich
  1879 | D        | Found the -2 hat of the Alchemist {rElec rPois rF+ rC+ rN+
                  | Will+ rMut rCorr}
  1880 | D        | Found a transporter.
  1944 | D        | Got the ring of Itzich {Contam rPois rF+ Will+}
  1960 | D        | Got the ring "Guschiut" {Drain rElec rPois rC+++ Will+}
  1966 | D        | Got the ring "Ixkecaczi" {rF++ rN+ Stlth-}
  1985 | D        | Entered arena 27.
  2010 | D        | Identified the +9 dagger of Gallantry {speed, rC+ rCorr}
  2020 | D        | Reached skill level 27 in Evocations
  2025 | D        | Identified the ring of Yendor {rPois MP-9 AC+4 Dex+3}
  2028 | D        | Identified the +7 war axe "Qecuerim" {speed, rC+}
  2037 | D        | Reached skill level 27 in Invocations
  2044 | D        | Reached XP level 19. HP: 208/208 MP: 35/35
  2057 | D        | Reached skill level 15 in Spellcasting
  2106 | D        | Found a transporter.
  2134 | D        | Entered arena 28.
  2148 | D        | Noticed a shard shrike
  2148 | D        | a glowing shapeshifter changed into a shard shrike
  2149 | D        | Noticed a juggernaut
  2149 | D        | a shard shrike changed into a juggernaut
  2149 | D        | Noticed a shard shrike
  2149 | D        | a glowing shapeshifter changed into a shard shrike
  2151 | D        | Noticed a caustic shrike
  2153 | D        | Noticed a shard shrike
  2154 | D        | Noticed an iron giant
  2154 | D        | an iron giant changed into a fenstrider witch
  2155 | D        | Noticed a shard shrike
  2155 | D        | a shard shrike changed into a titan
  2156 | D        | Noticed a shard shrike
  2157 | D        | Noticed a shard shrike
  2157 | D        | a titan changed into a shard shrike
  2157 | D        | Identified the ring "Worch" {Drain +Blink rF+ rCorr}
  2159 | D        | Noticed a caustic shrike
  2159 | D        | a shard shrike changed into a caustic shrike
  2160 | D        | Noticed an iron giant
  2160 | D        | a caustic shrike changed into an iron giant
  2160 | D        | Noticed a golden dragon
  2160 | D        | a shadow dragon changed into a golden dragon
  2160 | D        | a shard shrike changed into an iron dragon
  2162 | D        | Noticed a shard shrike
  2164 | D        | an iron giant changed into a shadow dragon
  2166 | D        | Noticed a juggernaut
  2166 | D        | a shard shrike changed into a juggernaut
  2166 | D        | Noticed a caustic shrike
  2166 | D        | an acid blob changed into a caustic shrike
  2168 | D        | Noticed a caustic shrike
  2168 | D        | a golden dragon changed into a caustic shrike
  2168 | D        | Noticed an iron giant
  2168 | D        | a caustic shrike changed into an iron giant
  2170 | D        | a juggernaut changed into an iron dragon
  2171 | D        | a shard shrike changed into a rockslime
  2171 | D        | Noticed an iron giant
  2171 | D        | an iron dragon changed into an iron giant
  2171 | D        | Noticed an iron giant
  2171 | D        | an acid blob changed into an iron giant
  2174 | D        | an iron giant changed into an iron dragon
  2174 | D        | an iron giant changed into a shadow dragon
  2176 | D        | Killed a caustic shrike
  2178 | D        | Noticed a caustic shrike
  2178 | D        | an iron giant changed into a caustic shrike
  2178 | D        | Noticed a juggernaut
  2180 | D        | Noticed a golden dragon
  2180 | D        | an iron dragon changed into a golden dragon
  2181 | D        | a golden dragon changed into an iron dragon
  2181 | D        | Noticed a caustic shrike
  2181 | D        | an iron dragon changed into a caustic shrike
  2182 | D        | a caustic shrike changed into an acid blob
  2184 | D        | Killed a caustic shrike
  2185 | D        | Noticed an iron giant
  2185 | D        | an iron dragon changed into an iron giant
  2186 | D        | Noticed a golden dragon
  2186 | D        | a juggernaut changed into a golden dragon
  2189 | D        | Noticed a shard shrike
  2189 | D        | a golden dragon changed into a shard shrike
  2190 | D        | Noticed a shard shrike
  2191 | D        | a shard shrike changed into a rockslime
  2191 | D        | Noticed a caustic shrike
  2191 | D        | an iron giant changed into a caustic shrike
  2193 | D        | a caustic shrike changed into a shadow dragon
  2194 | D        | Noticed a juggernaut
  2194 | D        | a titan changed into a juggernaut
  2195 | D        | Noticed a caustic shrike
  2195 | D        | a juggernaut changed into a caustic shrike
  2196 | D        | a caustic shrike changed into an alligator snapping turtle
  2200 | D        | Reached skill level 27 in Armour
  2209 | D        | Reached skill level 27 in Dodging
  2217 | D        | Found the +27 Lear's hauberk
  2227 | D        | Found the +6 arbalest "Damnation" {damnation}
  2228 | D        | Found a transporter.
  2246 | D        | Got the Collected Works on Execration
  2268 | D        | Got the Orb of Zot
  2275 | D        | Escaped with the Orb!

Illustrated notes

Levels and vault maps discovered:
D:        sprint_v [room_start, room_1, room_2, room_3, room_4, room_5, room_6,
          room_7, room_8, room_9, room_10, room_11, room_12, room_13, room_14,
          room_15, room_16, room_17, room_18, room_19, room_20, room_21,
          room_22, room_23, room_24, room_25, room_26, room_27]

Skill      XL: |  1  2  3  4  5  6  7  8  9 10 11 12 13 14 15 16 17 18 19 |
---------------+----------------------------------------------------------+-----
Fighting       | 3 6 7 8 9 10 11 12 14 16 17 19 21 23 | 23.8
Long Blades    | 3 6 7 8 10 11 12 13 15 16 17 20 22 25 | 25.0
Armour         | 4 7 8 9 11 12 13 14 16 18 20 22 25 27 | 27.0
Dodging        | 3 6 7 9 10 12 13 14 16 18 20 22 24 27 | 27.0
Shields        | 4 7 8 9 11 12 13 14 15 | 15.0
Evocations     | 3 7 9 11 12 14 15 16 19 21 23 25 27 | 27.0
Invocations    | 1 7 9 11 13 16 19 21 24 27 | 27.0
Translocations | 8 24 27 | 27.0
Spellcasting   | 4 10 14 17 | 17.3

Action                   |  1- 3 |  4- 6 |  7- 9 | 10-12 | 13-15 | 16-18 | 19-21 || total
-------------------------+-------+-------+-------+-------+-------+-------+-------++-------
Melee: Double sword      |       |       |    10 |    60 |   172 |   169 |    89 ||   500
 Cast: Blink             |       |       |       |       |       |     2 |     1 ||     3
Invok: Greater Servant o |       |       |       |     1 |       |       |       ||     1
 Abil: Heal Wounds       |       |       |       |     2 |       |     5 |       ||     7
Evoke: Lightning rod     |     3 |     2 |    14 |     9 |    34 |     9 |       ||    71
       Wand              |       |       |       |     1 |       |       |     2 ||     3
       Condenser vane    |       |       |       |       |       |     2 |     2 ||     4
  Use: Potion            |     2 |       |     4 |    10 |       |     1 |       ||    17
       Scroll            |       |       |       |       |     1 |     4 |       ||     5
Armor: Gold dragon scale |     3 |       |     1 |    28 |    45 |    75 |       ||   152
       Crystal plate arm |       |       |       |       |       |     5 |    29 ||    34
Dodge: Dodged            |       |       |     3 |    14 |    39 |    72 |    49 ||   177
Block: Buckler           |       |     1 |     8 |    26 |       |       |       ||    35
       Kite shield       |       |       |       |    48 |   165 |   224 |   125 ||   562

Table legend: (Time is in decaauts)
 A = Elapsed time spent in this place.
 B = Non-inter-level travel time spent in this place.
 C = Inter-level travel time spent in this place.
 D = Time resting spent in this place.
 E = Time spent auto-exploring this place.
 F = Levels seen in this place.
 G = Mean time per level.
                   A        B        C        D        E       F      G
               +--------+--------+--------+--------+--------+-----+--------+
         Total |   2097 |   2097 |      0 |    298 |      0 |   1 | 2097.0 |
       Dungeon |   2097 |   2097 |      0 |    298 |      0 |   1 | 2097.0 |
               +--------+--------+--------+--------+--------+-----+--------+

Top non-repeatable levels by time:
       D: 2097 daAuts
